 Seeded DCSS version 0.30-a0-6-g7c9e10e132 (webtiles) character file.

Game seed: 1 (custom seed)

602 Kazon the Chopper (level 6, -1/52 HPs)
             Began as a Demigod Fighter on Aug 22, 2022.
             Slain by a phantom (5 damage)
             ... on level 4 of the Dungeon.
             The game lasted 00:13:26 (2520 turns).

Kazon the Chopper (Demigod Fighter)                 Turns: 2520, Time: 00:13:26

Health: -1/52      AC: 11    Str: 21    XL:     6   Next: 97%
Magic:  8/8        EV: 10    Int: 10    God:
Gold:   89         SH:  5    Dex: 17    Spells: 5/5 levels left

rFire   . . .      SeeInvis .    v - +1 broad axe (vamp)
rCold   . . .      Faith    .    c - +0 buckler
rNeg    . . .      Spirit   .    b - +0 scale mail
rPois   .          Reflect  .    j - +0 helmet
rElec   .          Harm     .    (no cloak)
rCorr   .          Rampage  .    (no gloves)
Will    .....                    m - +2 pair of boots
Stlth   ..........               u - amulet of regeneration
HPRegen 0.97/turn                (no ring)
MPRegen 0.11/turn                (no ring)

@: no status effects
A: high MP 1, forlorn, divine attributes
a: no special abilities


You were on level 4 of the Dungeon.
You visited 1 branch of the dungeon, and saw 4 of its levels.

You collected 273 gold pieces.
You spent 184 gold pieces at shops.

Inventory:

Hand Weapons
 a - a +0 long sword
 e - a +2 dagger of venom
 s - the +3 falchion of Winter {venom, rCorr}
   (You bought it in a shop on level 3 of the Dungeon)

   It poisons the flesh of those it strikes.
   rCorr:     It protects you from acid and corrosion.
 v - a +1 vampiric broad axe (weapon)
Missiles
 k - a stone
 p - 3 boomerangs
 t - 7 poisoned darts (quivered)
Armour
 b - a +0 scale mail (worn)
 c - a +0 buckler (worn)
 j - a +0 helmet (worn)
 m - a +2 pair of boots (worn)
Jewellery
 u - an amulet of regeneration (around neck)
Wands
 y - a wand of mindburst (12)
Scrolls
 n - a scroll of immolation {unknown}
 o - 2 scrolls of identify {unknown}
 q - a scroll of fog {unknown}
 r - a scroll of enchant weapon {unknown}
 w - a scroll of vulnerability {unknown}
 x - a scroll of blinking {unknown}
Potions
 d - a potion of might
 f - a potion of magic {unknown}
 g - a potion of haste {unknown}
 h - a potion of flight {unknown}
 i - a potion of attraction {unknown}
 l - a potion of berserk rage {unknown}
 z - a potion of ambrosia {unknown}


   Skills:
 * Level 3.9 Fighting
 + Level 2.6 Long Blades
 + Level 4.0 Axes
 + Level 1.4 Throwing
 + Level 3.6 Armour
 + Level 1.3 Dodging
 + Level 0.6 Stealth
 + Level 3.2 Shields
 * Level 1.2 Evocations


You had 5 spell levels left.
You didn't know any spells.
Your spell library contained the following spells:

 Spells                   Type           Power      Damage    Failure   Level
 Apportation              Tloc           0%         N/A       80%         1
 Necrotise                Necr           0%         1d4       80%         1
 Sting                    Tmut/Pois      0%         1d3       80%         1
 Summon Small Mammal      Summ           0%         N/A       80%         1
 Poisonous Vapours        Pois/Air       0%         N/A       90%         2
 Olgreb's Toxic Radiance  Pois           0%         N/A       100%        4


Dungeon Overview and Level Annotations

Branches:
Dungeon (4/15)
 Temple: D:4-7

Shops:
D:3 (


Innate Abilities, Weirdness & Mutations

You have an increased reservoir of magic. (+10% MP)
You shall have no god before yourself.
Your divine heritage dramatically boosts your attributes as you level up.


Message History

You slash the orc!
You feel better.
You kill the orc!
Your Axes skill increases to level 4!
Things that are here:
a +0 hand axe; an orc corpse
There is an open door, spattered with blood here.
You see here a black bear corpse.
A phantom, an ogre, a hobgoblin and an orc come into view.
The ogre shouts!
The hobgoblin shouts!
The orc shouts!
You miss the phantom. You block the phantom's attack.
The phantom hits you but does no damage.
The ogre hits you with a +0 giant club!!
You slash the ogre!
The ogre is heavily wounded.
You hit the phantom.
The phantom hits you but does no damage.
The ogre hits you with a +0 giant club!
You hit the phantom but do no damage.
The phantom is lightly damaged.
The phantom hits you but does no damage.
The phantom barely misses you.
You hit the phantom but do no damage.
The phantom is lightly damaged.
The phantom closely misses you. The ogre attacks as you move away!
The ogre hits you with a +0 giant club!
You barely miss the phantom.
The phantom is lightly damaged.
The phantom closely misses you. The ogre barely misses you.
You barely miss the ogre.
The ogre is heavily wounded.
You miss the phantom.
The phantom hits you but does no damage.
You block the phantom's attack. The ogre closely misses you.
You hit the ogre.
You feel better.
The ogre is heavily wounded.
You hit the phantom. The phantom barely misses you.
The ogre hits you with a +0 giant club!!
* * * LOW HITPOINT WARNING * * *
The phantom attacks as you move away! The phantom hits you.
You die...

... ############# ####.#
#.#..#..#...###..#.######
#.##.##...###........)..#
#..#....###.[....######..+
##....###......#'# ##
#...###......###†#
#)###......###...#
#'#......###O@.###
#......###.oW###
##......##.g##
###......##..g.#
#.##......##o.##
#..##......##...
##..##......##..#
#....##......##..#
#.##..##......##.#


You could see an ogre, a phantom, an orc and a hobgoblin.

Vanquished Creatures
  A water moccasin (D:4)
  A black bear (D:4)
  2 ogres (D:4)
  A howler monkey (D:4)
  A hound (D:4)
  An iguana (D:4)
  Natasha (D:4)
  3 gnolls (D:2)
  2 adders (D:2)
  An ufetubus (D:4)
  2 worms
  2 dart slugs
  3 orcs
  7 endoplasms
  A giant cockroach (D:1)
  7 goblins
  8 hobgoblins
  7 jackals
  5 kobolds
  4 quokkas
  3 ball pythons
  2 bats
  4 frilled lizards
  5 rats
74 creatures vanquished.

Notes
Turn   | Place    | Note
-------+----------+-------------------------------------------
     0 | D:1      | Kazon the Demigod Fighter began the quest for the Orb.
     0 | D:1      | Reached XP level 1. HP: 18/18 MP: 3/3
    88 | D:1      | Identified a scroll of acquirement
    88 | D:1      | Acquired a +1 vampiric broad axe
   212 | D:1      | Reached XP level 2. HP: 25/25 MP: 4/4
   686 | D:2      | Reached skill level 1 in Axes
   910 | D:2      | Reached XP level 3. HP: 27/30 MP: 5/5
  1124 | D:2      | Reached skill level 2 in Axes
  1230 | D:2      | Reached XP level 4. HP: 19/37 MP: 6/6
  1445 | D:3      | Found Umat's Antique Weapon Boutique.
  1486 | D:3      | Bought a crude falchion for 184 gold pieces
  1486 | D:3      | Identified the +3 falchion of Winter {venom, rCorr} (You
                  | bought it in a shop on level 3 of the Dungeon)
  1530 | D:3      | Reached skill level 1 in Throwing
  2047 | D:4      | Noticed an ogre
  2062 | D:4      | Killed an ogre
  2063 | D:4      | Reached XP level 5. HP: 12/45 MP: 7/7
  2096 | D:4      | Noticed Natasha
  2103 | D:4      | Killed Natasha
  2104 | D:4      | Reached skill level 3 in Axes
  2270 | D:4      | Reached skill level 1 in Dodging
  2325 | D:4      | Reached XP level 6. HP: 51/51 MP: 8/8
  2390 | D:4      | Noticed a water moccasin
  2409 | D:4      | Killed a water moccasin
  2415 | D:4      | Reached skill level 1 in Evocations
  2498 | D:4      | Reached skill level 4 in Axes
  2520 | D:4      | Slain by a phantom

Illustrated notes

Levels and vault maps discovered:
D:1:      dpeg_arrival_three_smaller_balls, layout_basic
D:2:      layout_loops_ring
D:3:      layout_basic, serial_shops, nicolae_shop_stone, st_stairs_7
D:4:      minmay_razor_zed, layout_basic, worldfamousw_hep_ancestral_shrine,
          uniq_eustachio, uniq_natasha

Skill      XL: |  1  2  3  4  5  6 |
---------------+-------------------+-----
Armour         | 3 |  3.6
Axes           | 1 2 3 4 |  4.0
Throwing       | 1 |  1.4
Fighting       | 3 |  3.9
Long Blades    | 2 |  2.6
Shields        | 3 |  3.2
Dodging        | 1 |  1.3
Evocations     | 1 |  1.2
Stealth        | |  0.6

Action                   |  1- 3 |  4- 6 || total
-------------------------+-------+-------++-------
Melee: Broad axe         |    89 |    79 ||   168
       Falchion          |       |    60 ||    60
Throw: Stone             |     8 |    13 ||    21
       Dart              |       |     5 ||     5
  Use: Scroll            |     1 |       ||     1
Armor: Scale mail        |    40 |    88 ||   128
Dodge: Dodged            |    57 |    68 ||   125
Block: Buckler           |    24 |    44 ||    68

Table legend: (Time is in decaauts)
 A = Elapsed time spent in this place.
 B = Non-inter-level travel time spent in this place.
 C = Inter-level travel time spent in this place.
 D = Time resting spent in this place.
 E = Time spent auto-exploring this place.
 F = Levels seen in this place.
 G = Mean time per level.
                   A        B        C        D        E       F      G
               +--------+--------+--------+--------+--------+-----+--------+
         Total |   2637 |   2503 |    134 |    100 |    676 |   4 |  659.2 |
       Dungeon |   2637 |   2503 |    134 |    100 |    676 |   4 |  659.2 |
               +--------+--------+--------+--------+--------+-----+--------+

Top non-repeatable levels by time:
     D:2: 767 daAuts
     D:1: 723 daAuts
     D:3: 629 daAuts
     D:4: 516 daAuts
